 Dungeon Crawl Stone Soup version 0.31.0-32-g396128a36d (webtiles) character file.

Game seed: 14460506074952133238

3612550 Cormax362 the Conqueror (level 27, 273/273 HPs)
             Began as a Hill Orc Gladiator on Apr 6, 2024.
             Was the Champion of Wu Jian.
             Escaped with the Orb
             ... and 5 runes
             ... and 1 gem on Apr 17, 2024!
             The game lasted 20:12:25 (60438 turns).

Cormax362 the Conqueror (Hill Orc Gladiator)       Turns: 60438, Time: 20:12:26

Health: 273/273    AC: 45    Str: 38    XL:     27
Magic:  23/23      EV: 26    Int:  7    God:    Wu Jian [******]
Gold:   3046       SH: 21    Dex: 20    Spells: 26/26 levels left

rFire   + + .        J - +8 mithril axe "Arga" {speed, Will+}
rCold   + . .        Z - +5 kite shield
rNeg    . . .        z - +10 gold dragon scales
rPois   +            c - +2 helmet
rElec   +            x - scarf "Vufep" {+Inv, Regen+ Str+3 Dex-4 Stlth+}
rCorr   .            O - +2 pair of gloves of Amorality {-Cast rElec Dex+7 Slay+3}
SInv    .            m - +2 pair of boots
Will    +++..        N - amulet of regeneration Stlth
                     B - ring of Kehustri {rPois rF+ Dex+6}
HPRegen 2.25/turn    w - ring of the Hare {EV+10}
MPRegen 0.18/turn

%: no spellcasting
@: no status effects
A: strong 1, wild magic 1
0: Orb of Zot
}: 5/15 runes: serpentine, barnacled, slimy, silver, abyssal
a: Renounce Religion, Evoke Invisibility, Wall Jump, Serpent's Lash, Heavenly
Storm


You escaped.
You worshipped Wu Jian.
Wu Jian was exalted by your worship.
You visited 12 branches of the dungeon, and saw 56 of its levels.
You visited the Abyss 1 time.
You also visited: Sewer.

You collected 11557 gold pieces.
You spent 8511 gold pieces at shops.

Inventory:

Hand Weapons
 J - the +8 mithril axe "Arga" (weapon) {speed, Will+}
   (You acquired it on level 5 of the Pits of Slime)

   Will+:     It increases your willpower.
 Y - a +9 vampiric broad axe
Missiles
 f - 12 throwing nets
 g - 26 boomerangs (quivered)
 l - 2 darts of dispersal
 p - a silver javelin
 t - 17 javelins
 K - 24 poisoned darts
 P - 28 curare-tipped darts
Armour
 c - a +2 helmet (worn)
 m - a +2 pair of boots (worn)
 x - the scarf "Vufep" (worn) {+Inv, Regen+ Str+3 Dex-4 Stlth+}
   (You acquired it on level 2 of the Crypt)

   Str+3:     It affects your strength (+3).
   Dex-4:     It affects your dexterity (-4).
   Regen+:    It increases your rate of health regeneration.
   Stlth+:    It makes you more stealthy.
 z - +10 gold dragon scales (worn)
 O - the +2 pair of gloves of Amorality (worn) {-Cast rElec Dex+7 Slay+3}
   (You acquired it on level 10 of the Dungeon)

   Dex+7:     It affects your dexterity (+7).
   Slay+3:    It affects your accuracy & damage with ranged weapons and melee
   (+3).
   rElec:     It insulates you from electricity.
   -Cast:     It prevents spellcasting.
 Z - a +5 kite shield (worn)
Jewellery
 b - a ring of protection from cold
 e - the ring of the Hero {Fly rF+ rCorr Int+6 Dex-4}
   (You found it on level 5 of the Vaults)

   [ring of intelligence]

   Int+6:     It affects your intelligence (+6).
   Dex-4:     It affects your dexterity (-4).
   rF+:       It protects you from fire.
   Fly:       It grants you flight.
   rCorr:     It protects you from acid and corrosion.
 v - the ring "Lykota" {rCorr Str+3 Dex-2 SInv Stlth+}
   (You found it on level 1 of the Elven Halls)

   [ring of resist corrosion]

   Str+3:     It affects your strength (+3).
   Dex-2:     It affects your dexterity (-2).
   SInv:      It lets you see invisible.
   rCorr:     It protects you from acid and corrosion.
   Stlth+:    It makes you more stealthy.
 w - the ring of the Hare (right hand) {EV+10}
   (You bought it in a shop on level 2 of the Depths)

   [ring of evasion]

   EV+10:     It affects your evasion (+10).
 y - the ring "Meokk" {rPois rN+ Str+5}
   (You found it on level 3 of the Shoals)

   [ring of poison resistance]

   Str+5:     It affects your strength (+5).
   rPois:     It protects you from poison rN+: It protects you from negative
   energy.
 B - the ring of Kehustri (left hand) {rPois rF+ Dex+6}
   (You bought it in a shop on level 2 of the Orcish Mines)

   [ring of dexterity]

   Dex+6:     It affects your dexterity (+6).
   rF+:       It protects you from fire.
   rPois:     It protects you from poison
 I - a ring of willpower
 M - a ring of willpower
 N - an amulet of regeneration (around neck)
Wands
 a - a wand of digging (4)
 h - a wand of polymorph (15)
 r - a wand of roots (62)
 s - a wand of paralysis (14)
 Q - a wand of mindburst (16)
 X - a wand of acid (16)
Scrolls
 d - 12 scrolls of blinking
 j - 21 scrolls of teleportation
 k - 9 scrolls of poison
 u - 5 scrolls of butterflies
 C - a scroll of immolation
 F - 8 scrolls of fog
 G - 11 scrolls of fear
 L - a scroll of torment
 R - 5 scrolls of vulnerability
Potions
 i - a potion of enlightenment
 n - 3 potions of cancellation
 o - 11 potions of heal wounds
 q - 24 potions of curing
 D - 2 potions of resistance
 E - a potion of haste
 H - 6 potions of lignification
 V - 10 potions of mutation
Miscellaneous
 A - a tin of tremorstones (2/2)
 S - a lightning rod (4/4)
 T - a phantom mirror
 U - a phial of floods
 W - a sack of spiders (inert)


   Skills:
 O Level 27 Fighting
 - Level 26.8(27) Axes
 - Level 4.3(15.8) Maces & Flails
 - Level 18.0 Throwing
 - Level 20.7 Armour
 - Level 14.6 Dodging
 - Level 3.0 Stealth
 + Level 20.0 Shields
 - Level 20.0 Evocations


You had 26 spell levels left.
You didn't know any spells.
Your spell library contained the following spells:

 Spells                   Type           Power      Damage    Failure   Level
 Apportation              Tloc           0%         N/A       98%         1
 Freeze                   Ice            0%         1d3       98%         1
 Kiss of Death            Conj/Necr      0%         2d5       98%         1
 Necrotise                Necr           0%         1d4       98%         1
 Sting                    Conj/Alch      0%         1d3       98%         1
 Summon Small Mammal      Summ           0%         N/A       98%         1
 Call Imp                 Summ           0%         N/A       99%         2
 Cigotuvi's Dreadful Rot  Necr/Alch/Air  0%         N/A       99%         2
 Ensorcelled Hibernation  Hex/Ice        0%         N/A       99%         2
 Jinxbite                 Hex            0%         N/A       99%         2
 Lesser Beckoning         Tloc           0%         N/A       99%         2
 Mercury Vapours          Alch/Air       0%         N/A       99%         2
 Searing Ray              Conj           0%         2d4       99%         2
 Sublimation of Blood     Necr           0%         N/A       99%         2
 Confusing Touch          Hex            0%         N/A       100%        3
 Dazzling Flash           Conj/Hex       0%         N/A       100%        3
 Frozen Ramparts          Ice            0%         1d1       100%        3
 Fugue of the Fallen      Necr           0%         N/A       100%        3
 Gell's Gravitas          Tloc           0%         N/A       100%        3
 Hailstorm                Conj/Ice       0%         3d5       100%        3
 Mephitic Cloud           Conj/Alch/Air  0%         N/A       100%        3
 Passwall                 Erth           0%         N/A       100%        3
 Stone Arrow              Conj/Erth      0%         3d7       100%        3
 Summon Ice Beast         Ice/Summ       0%         N/A       100%        3
 Swiftness                Air            0%         N/A       100%        3
 Teleport Other           Tloc           0%         N/A       100%        3
 Tukima's Dance           Hex            0%         N/A       100%        3
 Vampiric Draining        Necr           0%         2d6       100%        3
 Volatile Blastmotes      Fire/Tloc      0%         2d10      100%        3
 Anguish                  Hex/Necr       0%         N/A       100%        4
 Animate Armour           Summ/Erth      0%         N/A       100%        4
 Animate Dead             Necr           0%         N/A       100%        4
 Cause Fear               Hex            0%         N/A       100%        4
 Dimensional Bullseye     Hex/Tloc       0%         N/A       100%        4
 Dispel Undead            Necr           0%         3d6       100%        4
 Flame Wave               Conj/Fire      0%         2d4       100%        4
 Fulminant Prism          Conj/Alch      0%         3d5       100%        4
 Ignite Poison            Fire/Alch      0%         N/A       100%        4
 Iskenderun's Mystic Bla  Conj/Tloc      0%         2d3       100%        4
 Leda's Liquefaction      Alch/Erth      0%         N/A       100%        4
 Manifold Assault         Tloc           0%         N/A       100%        4
 Martyr's Knell           Necr/Summ      0%         N/A       100%        4
 Olgreb's Toxic Radiance  Alch           0%         N/A       100%        4
 Passage of Golubria      Tloc           0%         N/A       100%        4
 Petrify                  Alch/Erth      0%         N/A       100%        4
 Sticky Flame             Fire/Alch      0%         2d4       100%        4
 Vhi's Electric Charge    Tloc/Air       0%         N/A       100%        4
 Alistair's Intoxication  Alch           0%         N/A       100%        5
 Arcjolt                  Conj/Air       0%         1d10      100%        5
 Borgnjor's Vile Clutch   Necr/Erth      0%         N/A       100%        5
 Curse of Agony           Necr           0%         N/A       100%        5
 Fireball                 Conj/Fire      0%         3d3       100%        5
 Freezing Cloud           Conj/Ice/Air   0%         6-21      100%        5
 Irradiate                Conj/Alch      0%         3d11      100%        5
 Metabolic Englaciation   Hex/Ice        0%         N/A       100%        5
 Silence                  Hex/Air        0%         N/A       100%        5
 Summon Forest            Summ/Tloc      0%         N/A       100%        5
 Summon Mana Viper        Hex/Summ       0%         N/A       100%        5
 Yara's Violent Unravell  Hex/Alch       0%         3d3       100%        5
 Bombard                  Conj/Erth      0%         9d1       100%        6
 Conjure Ball Lightning   Conj/Air       0%         3x3d6     100%        6
 Death Channel            Necr           0%         N/A       100%        6
 Dispersal                Tloc           0%         N/A       100%        6
 Eringya's Noxious Bog    Alch           0%         4d6       100%        6
 Plasma Beam              Fire/Air       0%         2x1d10    100%        6
 Sculpt Simulacrum        Ice/Alch       0%         N/A       100%        6
 Starburst                Conj/Fire      0%         6d3       100%        6
 Summon Cactus Giant      Summ           0%         N/A       100%        6
 Enfeeble                 Hex            0%         N/A       100%        7
 Haunt                    Necr/Summ      0%         N/A       100%        7
 Malign Gateway           Summ/Tloc      0%         N/A       100%        7
 Monstrous Menagerie      Summ           0%         N/A       100%        7
 Ozocubu's Refrigeration  Ice            0%         4d7       100%        7
 Summon Hydra             Summ           0%         N/A       100%        7
 Borgnjor's Revivificati  Necr           0%         N/A       100%        8
 Disjunction              Tloc           0%         N/A       100%        8
 Ignition                 Fire           0%         3d3       100%        8
 Infestation              Necr           0%         N/A       100%        8
 Lehudib's Crystal Spear  Conj/Erth      0%         10d2      100%        8
 Maxwell's Capacitive Co  Air            0%         ∞         100%        8
 Summon Horrible Things   Summ           0%         N/A       100%        8
 Chain Lightning          Conj/Air       0%         N/A       100%        9
 Death's Door             Necr           0%         N/A       100%        9
 Polar Vortex             Ice            0%         N/A       100%        9


Dungeon Overview and Level Annotations

Branches:
Dungeon (15/15)            Temple (1/1) D:5            Lair (5/5) D:10
 Shoals (4/4) Lair:2        Snake (4/4) Lair:2        Slime (5/5) Lair:5
    Orc (2/2) D:9             Elf (3/3) Orc:2        Vaults (5/5) D:13
  Crypt (3/3) Vaults:2       Tomb (0/3) Crypt:3      Depths (4/4) D:15
    Zot (5/5) Depths:4      Sewer (visited)

Altars:
Ashenzari
Cheibriados
Dithmenos
Elyvilon
Fedhas
Gozag
Hepliaklqana
Kikubaaqudgha
Makhleb
Nemelex Xobeh
Okawaru
Qazlal
Ru
Sif Muna
Trog
Uskayaw
Vehumet
Wu Jian
Xom
Yredelemnul
Zin
The Shining One

Shops:
D:6 *   D:8 :   Orc:2 ?(!=   Shoals:2 *   Snake:3 [!?   Vaults:4 !
Depths:1 =!   Depths:2 *=?:   Depths:3 ?

Portals:
Hell: Depths:1 Depths:2 Depths:3 Depths:4
Abyss: Depths:1 Depths:3
Pandemonium: Orc:2 Depths:2 Depths:3
Ziggurat: Depths:3

Annotations:
D:13 stash on vaults
Elf:3 broad axe of venom
Vaults:1 exclusion: downstairs
Vaults:2 Big Dragon!, Xtahua
Vaults:5 enchant weapon, attraction, vuln, ambrosia
Crypt:2 Don't bother with ghost vault, Esecs's ghost, veteran GrEE
Depths:3 ignore trog vault
Zot:1 36 runed translucent doors, exclusion: 36 doors
Zot:4 1 runed translucent door, exclusion: door, Pongem's ghost, legendary MiAK


Innate Abilities, Weirdness & Mutations

Your muscles are strong. (Str +4, Int/Dex -1)
Your spells are a little harder to cast, but a little more powerful.


Message History

You block the Executioner's attack. The Executioner misses you.
You hit the Executioner.
The Executioner is moderately wounded.
The Executioner gestures.
The Executioner seems to speed up.
You slash the Executioner!
The Executioner is heavily wounded.
You block the Executioner's attack. The Executioner completely misses you.
You block the Executioner's attack. x2; The Executioner misses you. x2
You barely miss the Executioner.
The Executioner is moderately wounded.
The Executioner completely misses you. You block the Executioner's attack.
The Executioner completely misses you.
You completely miss the Executioner.
The Executioner is moderately wounded.
You block the Executioner's attack.
The Executioner hits you but does no damage. x2
You spin and attack the Executioner repeatedly.
You slice the Executioner!!
The Executioner is severely wounded.
You slice the Executioner!!
You kill the Executioner!
The Council accepts your kill.
Your Shields skill increases to level 20!
There is an escape hatch in the ceiling here.
A mysterious force pulls you upwards. The hatch slams shut behind you.
What level of the Dungeon? (default 1, ? - help)
There is an open door here.
You see here a +0 dagger.
There is a stone staircase leading up here.
You climb upwards.
There is a stone staircase leading down here.
There is a stone staircase leading up here.
You climb upwards.
There is a stone staircase leading down here.
There is a stone staircase leading up here.
You climb upwards.
There is a stone staircase leading down here.
There is a staircase leading out of the dungeon here.
You have escaped!

#...........#####........###..#
..........#..####.>...##......#
#........##....##.....####..###
...............##.....##.....#
....########8.8###8.8..#.#.#.#
....# ##.#####.##...#.#.# ..#.#
#.#.#.#.##..##.#.## ..#.#
#.......##.....#..# ..#.#
#...@...#...#.###.###
.##.#########.......#.#.#........
###.........#.#.#.#.###.#........
###########.#####.###.#........
#.# #.##..#........ ####.#
#.##.##........
##..#.#####.##.##........
##...#.......#..##########
#....#########..#


There were no monsters in sight!

Vanquished Creatures
  the Royal Jelly (Slime:5)
  A dread lich (Zot:5)
  An ancient lich (Zot:5)
  Khufu (Crypt:3)
  5 orbs of fire
  A juggernaut (Abyss:3)
  Parghit (Zot:1)
  4 Killer Klowns
  Vashnia (Snake:4)
  A curse toe (Zot:2)
  11 golden dragons
  4 caustic shrikes (Depths:4)
  A profane servitor (Crypt:3)
  Nikola (Shoals:4)
  A bone dragon (Crypt:3)
  4 electric golems
  A hellephant (Abyss:2)
  3 doom hounds (Zot:2)
  19 tentacled monstrosities
  3 liches
  2 deep elf blademasters (Elf:3)
  Grunn (Zot:2)
  Mlioglotl (Shoals:2)
  25 Orb Guardians (Zot:5)
  2 deep elf master archers (Elf:3)
  3 krakens
  8 titans (Vaults:5)
  16 acid blobs
  8 quicksilver dragons
  5 sphinxes
  3 ancient champions
  Polyphemus (Shoals:3)
  2 Executioners
  5 death cobs
  Kirke (D:12)
  9 tengu reavers
  8 storm dragons
  A draconian knight (Zot:4)
  10 rockslimes
  8 shadow dragons
  3 draconian monks
  4 nagarajas
  11 protean progenitors
  6 draconian shifters
  9 azure jellies
  3 revenants
  4 iron dragons
  Ilsuiw (Shoals:2)
  9 frost giants
  6 fire giants
  3 ghost moths
  12 vault wardens
  8 deep elf sorcerers (Elf:3)
  3 draconian scorchers
  A balrug (Depths:4)
  3 spectral caustic shrikes (Depths:3)
  A curse skull (Crypt:2)
  6 deep elf elementalists (Elf:3)
  An angel (Abyss:3)
  5 draconian annihilators
  4 ghouls
  22 very ugly things
  7 quicksilver oozes
  6 draconian stormcallers
  26 ironbound preservers
  3 reapers
  2 orc warlords
  13 stone giants
  4 vampire knights
  The ghost of Ustren the Fighter, a journeyman MiBe of Trog (Shoals:3)
  2 ophanim (Abyss:3)
  8 ironbound thunderhulks
  A formless jellyfish (Slime:5)
  7 green draconians
  8 deep elf demonologists
  2 bunyips (Zot:2)
  9 deep elf death magi
  16 black draconians
  7 dire elephants
  9 yellow draconians
  3 lorocyprocas
  9 deep elf annihilators
  2 minotaurs (Shoals:4)
  15 white draconians
  A war gargoyle (Vaults:5)
  The ghost of Silvore the Bludgeoner, a journeyman MiFi of the Shining One (D:13)
  16 red draconians
  2 spark wasps (Depths:4)
  10 purple draconians
  A blizzard demon (Abyss:2)
  5 crystal guardians (Elf:3)
  9 merfolk impalers
  A merfolk javelineer (Shoals:2)
  An entropy weaver (Vaults:3)
  A green death (D:9)
  5 fire dragons
  2 mummy priests (Crypt:3)
  12 ettins
  A spectral spriggan (Crypt:3)
  7 deep elf high priests
  18 jiangshi
  Fannar (Orc:1)
  3 peacekeepers
  12 ice dragons
  Josephine (D:13)
  A merfolk avatar (Shoals:2)
  Harold (D:10)
  15 yaktaur captains
  4 jorogumos
  A hell beast (Depths:4)
  A salamander tyrant (Snake:4)
  26 vault guards (Vaults:5)
  10 great orbs of eyes
  6 hydras
  2 spriggan air magi
  A catoblepas (Shoals:3)
  An ogre mage (D:14)
  10 centaur warriors
  5 merfolk aquamancers
  7 ironbound frosthearts
  A two-headed ogre (shapeshifter) (Depths:4)
  2 alligator snapping turtles
  38 dancing weapons
  2 radroaches (Zot:1)
  11 anacondas
  3 demonspawn (Orc:2)
  5 death knights
  5 boulder beetles
  13 two-headed ogres
  A bennu skeleton (Crypt:2)
  9 naga warriors
  11 satyrs (Shoals:4)
  7 tengu warriors
  11 death yaks
  A hell hog (Abyss:3)
  2 thrashing horrors
  4 deep troll earth magi
  7 deep troll shamans
  11 naga sharpshooters
  4 vampire magi
  Urug (Lair:5)
  An occultist (Depths:2)
  6 orc high priests
  22 hell knights
  A soul eater (Orc:2)
  Sonja (Lair:5)
  2 shock serpents
  3 spriggan berserkers
  A shock serpent (shapeshifter) (Depths:2)
  2 wretched stars
  16 deep elf knights
  18 spriggans
  5 skysharks
  A sixfirhy (Abyss:2)
  Amaemon (Lair:2)
  25 skeletal warriors
  2 salamander mystics
  A spectral spark wasp (Depths:4)
  5 iron trolls
  4 shadow wraiths
  10 large abominations
  48 deep trolls
  14 sea snakes
  Lodul (D:11)
  7 glowing orange brains
  6 arcanists
  8 flayed ghosts
  2 cherubim (Abyss:3)
  4 mana vipers
  A glowing orange brain (shapeshifter) (Vaults:4)
  18 ironbound convokers
  A spriggan simulacrum (Crypt:3)
  18 deep elf archers
  A bog body (Crypt:2)
  7 phantasmal warriors
  A golden dragon skeleton (Crypt:1)
  4 naga ritualists
  33 deep elf zephyrmancers
  35 harpies
  7 lindwurms
  A lindwurm (shapeshifter) (Vaults:5)
  32 deep elf pyromancers
  An anaconda skeleton (Crypt:1)
  14 necromancers
  7 orc sorcerers
  31 ugly things
  A stone giant zombie (Crypt:1)
  15 orc knights
  A will-o-the-wisp (Abyss:2)
  5 fauns (Shoals:4)
  21 manticores
  10 salamanders
  4 shining eyes (Slime:5)
  A goliath frog skeleton (Crypt:1)
  12 cyclopes
  A draconian zombie (Crypt:1)
  32 moths of wrath
  A worldbinder (Abyss:3)
  A moth of wrath (shapeshifter) (Depths:4)
  31 black mambas
  8 elephants
  19 vault sentinels
  A centaur zombie (Abyss:2)
  Joseph (D:8)
  9 guardian serpents
  7 merfolk sirens
  2 apocalypse crabs (Abyss:2)
  14 naga magi
  An eye of devastation (Slime:5)
  10 water nymphs
  An eleionoma skeleton (Crypt:1)
  An eye of devastation (shapeshifter) (Vaults:5)
  12 cane toads
  4 gargoyles (D:12)
  4 smoke demons
  13 unseen horrors
  7 komodo dragons
  An orange demon (Lair:2)
  Jeremiah (D:8)
  Maggie (Lair:2)
  2 kobold demonologists
  2 efreet (D:15)
  A torpor snail (Lair:5)
  8 freezing wraiths
  A swamp worm zombie (Crypt:1)
  Psyche (D:12)
  A hellion (Depths:2)
  2 tengu conjurers
  7 guardian mummies (Crypt:3)
  13 yaktaurs
  2 anaconda simulacra
  5 ancient zymes
  2 red draconian zombies (Crypt:2)
  2 rime drakes
  A golden dragon simulacrum (Crypt:3)
  2 harpy zombies
  2 red devils (Orc:2)
  6 trolls
  2 hellwings
  A queen bee (shapeshifter) (D:14)
  38 merfolk
  10 polar bears
  3 wind drakes
  2 glass eyes
  2 harpy skeletons (Crypt:1)
  9 hornets
  A merfolk (shapeshifter) (Vaults:5)
  18 dream sheep
  28 blink frogs
  7 snapping turtles
  A raiju (shapeshifter) (Elf:1)
  4 air elementals
  3 vampires
  2 meliai zombies (Crypt:2)
  4 shadows
  A satyr skeleton (Crypt:2)
  A ynoxinul (Depths:3)
  19 water elementals
  67 yaks
  61 slime creatures
  2 fire bats (Lair:3)
  11 wraiths
  3 fire elementals
  5 golden eyes (Slime:5)
  9 basilisks
  6 wyverns
  A yak (shapeshifter) (D:14)
  2 hogs (D:12)
  2 wargs
  A redback (shapeshifter) (Vaults:5)
  2 steam dragons (D:8)
  A fire bat (shapeshifter) (Elf:1)
  A chaos spawn (Abyss:2)
  A harpy simulacrum (Crypt:1)
  2 two-headed ogre zombies (Crypt:1)
  A neqoxec (Abyss:3)
  7 small abominations
  A vampire mosquito (D:12)
  A deep troll zombie (Crypt:1)
  2 swamp worms (shapeshifter) (Vaults:5)
  3 acid dragons
  31 nagas
  13 water moccasins
  37 orc warriors
  5 black bears
  A swamp drake (D:9)
  31 laughing skulls
  10 centaurs
  3 boggarts (Lair:5)
  28 wolves
  15 ogres
  2 phantoms
  A dream sheep skeleton (Crypt:2)
  2 weeping skulls
  4 kobold brigands
  A brain worm (Abyss:2)
  A gnoll sergeant (D:6)
  4 scorpions
  10 bullfrogs
  5 necrophages
  5 earth elementals
  4 burial acolytes (Crypt:3)
  13 wights
  10 killer bees (D:9)
  A yak zombie (Crypt:1)
  A vampire bat (D:5)
  4 howler monkeys
  5 electric eels
  A shapeshifter skeleton (Crypt:1)
  3 lava snakes (Lair:2)
  35 orc priests
  2 bombardier beetles
  3 hounds
  2 gnoll boudas
  2 iron imps
  A sleepcap (D:8)
  2 iguanas (D:5)
  23 orc wizards
  2 polar bear simulacra (Lair:3)
  A statue (D:10)
  A yak simulacrum (Lair:3)
  3 wolf simulacra (Lair:3)
  A hound zombie (Crypt:2)
  25 gnolls
  12 adders
  2 river rats
  A shadow imp (D:6)
  2 white imps
  8 dart slugs
  2 ribbon worms
  91 orcs
  8 ball pythons
  9 bats
  3 bat skeletons (D:5)
  A bat zombie (D:5)
  5 endoplasms
  12 giant cockroaches
  3 goblins
  8 hobgoblins
  6 jackals (D:3)
  2 quokkas
  A bombardier beetle zombie (Crypt:1)
  12 frilled lizards
  A giant cockroach zombie (Crypt:2)
  14 kobolds
  14 rats
  5 river rat simulacra (Lair:3)
  4 aspiring fleshes
  3 lurking horrors
  12 tentacles
2504 creatures vanquished.

Vanquished Creatures (collateral kills)
  An ancient lich (Zot:5)
  2 tentacled monstrosities
  3 acid blobs
  A formless jellyfish (Slime:5)
  A vampire knight (Crypt:1)
  A satyr (Shoals:4)
  A dancing weapon (Elf:2)
  An orc knight (Vaults:3)
  A moth of wrath (Zot:1)
  A water nymph (Shoals:2)
  A vault sentinel (Vaults:1)
  A wind drake (Shoals:2)
  A snapping turtle (Shoals:2)
  5 slime creatures
  A small abomination (Abyss:2)
22 creatures vanquished.

Vanquished Creatures (others)
  An orc warlord (Vaults:3)
  A draconian annihilator (Zot:2)
  A white draconian (Zot:2)
  A deep elf annihilator (Elf:1)
  A yaktaur captain (Vaults:5)
  An ice dragon (Depths:2)
  A deep elf knight (Elf:3)
  3 deep elf pyromancers (Elf:1)
  A moth of wrath (Zot:1)
  A merfolk siren (Shoals:4)
  A tengu conjurer (D:12)
  A merfolk (Shoals:4)
  A yak (Lair:3)
  A human (D:12)
  A naga (Snake:4)
  An orc warrior (Vaults:2)
  2 foxfires (Abyss:2)
  14 tentacles
34 creatures vanquished.

Grand Total: 2560 creatures vanquished

Notes
Turn   | Place    | Note
-------+----------+-------------------------------------------
     0 | D:1      | Cormax362 the Hill Orc Gladiator began the quest for the
                  | Orb.
     0 | D:1      | Reached XP level 1. HP: 18/18 MP: 1/1
    82 | D:1      | Reached skill level 3 in Fighting
   106 | D:1      | You fall into a shaft and drop 1 floor!
   248 | D:1      | Reached XP level 2. HP: 25/26 MP: 2/2
   338 | D:1      | Reached skill level 5 in Axes
   453 | D:1      | Reached XP level 3. HP: 31/31 MP: 3/3
  1307 | D:2      | Reached XP level 4. HP: 35/38 MP: 4/4
  1451 | D:2      | Noticed a scorpion
  1461 | D:2      | Killed a scorpion
  1462 | D:2      | Reached skill level 4 in Fighting
  1462 | D:2      | Reached skill level 1 in Stealth
  1462 | D:2      | Reached XP level 5. HP: 46/46 MP: 5/5
  1775 | D:3      | Found a glowing drain.
  1888 | Sewer    | Entered a sewer
  2209 | Sewer    | Reached skill level 5 in Fighting
  2209 | Sewer    | Reached XP level 6. HP: 23/56 MP: 6/6
  2591 | D:3      | Found a faded altar of an unknown god.
  2594 | D:3      | Prayed at the altar of an unknown god.
  2594 | D:3      | Became a worshipper of the Wu Jian Council
  2594 | D:3      | Reached * piety under Wu Jian
  3161 | D:4      | Reached XP level 7. HP: 62/62 MP: 7/7
  3282 | D:4      | Reached skill level 1 in Armour
  3776 | D:4      | Reached ** piety under Wu Jian
  3860 | D:5      | Entered Level 5 of the Dungeon
  3878 | D:5      | Found a staircase to the Ecumenical Temple.
  3964 | Temple   | Entered the Ecumenical Temple
  4295 | D:5      | Found a shimmering altar of Xom.
  4586 | D:5      | Reached XP level 8. HP: 70/70 MP: 8/8
  4632 | D:5      | Reached skill level 10 in Axes
  4632 | D:5      | Reached skill level 6 in Fighting
  5112 | D:5      | Reached skill level 7 in Fighting
  5250 | D:5      | Found an ancient bone altar of Kikubaaqudgha.
  5338 | D:6      | Found an opulent altar of Gozag.
  5338 | D:6      | Found a stormy altar of Qazlal.
  5433 | D:6      | Reached *** piety under Wu Jian
  5534 | D:6      | Found Ahaxir's General Store.
  5537 | D:6      | Bought a wand of roots (4) for 105 gold pieces
  5537 | D:6      | Bought a scroll of poison for 44 gold pieces
  5537 | D:6      | Bought a scroll of teleportation for 33 gold pieces
  5537 | D:6      | Bought a potion of haste for 110 gold pieces
  5679 | D:6      | Found a sparkling altar of Nemelex Xobeh.
  5855 | D:6      | Found a sacrificial altar of Ru.
  5892 | D:6      | Reached skill level 8 in Fighting
  5892 | D:6      | Reached XP level 9. HP: 76/81 MP: 9/9
  6024 | D:6      | Found a hide-covered altar of Uskayaw.
  6693 | D:7      | Found a snail-covered altar of Cheibriados.
  6982 | D:7      | Found a glowing golden altar of the Shining One.
  7022 | D:7      | Reached skill level 9 in Fighting
  7748 | D:8      | Reached **** piety under Wu Jian
  7941 | D:8      | Noticed Jeremiah
  7955 | D:8      | Killed Jeremiah
  7956 | D:8      | Reached XP level 10. HP: 69/92 MP: 10/10
  7964 | D:8      | Reached skill level 10 in Fighting
  7995 | D:8      | Found Jazyont's Book Shoppe.
  8248 | D:8      | Noticed Joseph
  8269 | D:8      | Killed Joseph
  8654 | D:8      | Reached skill level 1 in Evocations
  8866 | D:9      | Noticed a two-headed ogre
  8901 | D:9      | Killed a two-headed ogre
  8902 | D:9      | Reached skill level 11 in Fighting
  9107 | D:9      | Reached skill level 12 in Fighting
  9141 | D:9      | Reached XP level 11. HP: 102/104 MP: 11/11
  9247 | D:9      | Found an ornate altar of the Wu Jian Council.
  9386 | D:9      | Reached skill level 15 in Axes
  9843 | D:9      | Noticed a moth of wrath
  9846 | D:9      | Found a bloodstained altar of Trog.
 10027 | D:9      | Found a staircase to the Orcish Mines.
 10554 | D:10     | Entered Level 10 of the Dungeon
 10555 | D:10     | Reached ***** piety under Wu Jian
 10728 | D:10     | Found a staircase to the Lair.
 11099 | D:10     | Found a shimmering blue altar of Sif Muna.
 11166 | D:10     | Noticed Harold
 11306 | D:10     | Found a radiant altar of Vehumet.
 11478 | Lair:1   | Entered Level 1 of the Lair of Beasts
 12172 | Lair:1   | Reached XP level 12. HP: 113/113 MP: 12/12
 13070 | Lair:2   | Noticed Maggie
 13081 | Lair:2   | Killed Maggie
 13091 | Lair:2   | Noticed a four-headed hydra
 13098 | Lair:2   | Killed a four-headed hydra
 13126 | Lair:2   | Reached skill level 13 in Fighting
 13137 | Lair:2   | Reached skill level 14 in Fighting
 13195 | Lair:2   | Noticed Amaemon
 13201 | Lair:2   | Killed Amaemon
 13202 | Lair:2   | Reached XP level 13. HP: 102/125 MP: 13/13
 13425 | Lair:2   | Reached skill level 5 in Armour
 13638 | Lair:2   | Found a staircase to the Snake Pit.
 14076 | Lair:2   | Found a staircase to the Shoals.
 14736 | Lair:3   | Reached skill level 5 in Dodging
 14975 | Lair:3   | Reached skill level 15 in Fighting
 15864 | Lair:4   | Reached skill level 10 in Armour
 16052 | Lair:4   | Reached skill level 5 in Evocations
 16052 | Lair:4   | Reached XP level 14. HP: 105/135 MP: 14/14
 16602 | Lair:4   | Reached skill level 1 in Maces & Flails
 16862 | Lair:5   | Entered Level 5 of the Lair of Beasts
 16867 | Lair:5   | Noticed Sonja
 17520 | D:11     | Noticed Lodul
 17526 | D:11     | Killed Lodul
 17781 | D:11     | Reached skill level 5 in Throwing
 18778 | D:12     | Reached skill level 16 in Fighting
 18836 | D:12     | Found an opulent altar of Gozag.
 18887 | D:12     | Noticed Psyche
 18893 | D:12     | Killed Psyche
 19245 | D:12     | Reached skill level 17 in Fighting
 19458 | D:12     | Noticed Kirke
 19684 | Orc:1    | Entered Level 1 of the Orcish Mines
 20202 | Orc:1    | Noticed Fannar
 20229 | Orc:1    | Killed Fannar
 20338 | Orc:2    | Entered Level 2 of the Orcish Mines
 20429 | Orc:2    | Found a staircase to the Elven Halls.
 20477 | Orc:2    | Reached ****** piety under Wu Jian
 20945 | Orc:2    | Found Nuifrugi's Distillery.
 21031 | Orc:2    | Reached XP level 15. HP: 145/147 MP: 15/15
 21085 | Orc:2    | Found Nuzogr Zuofa's Magic Scroll Boutique.
 21134 | Orc:2    | Found Zumiusm's Jewellery Shoppe.
 21134 | Orc:2    | Found Fugad's Antique Weapon Emporium.
 21134 | Orc:2    | Found a one-way gate leading to the halls of Pandemonium.
 21335 | Orc:2    | Bought the ring of Kehustri {rPois rF+ Dex+6} for 813 gold
                  | pieces
 21335 | Orc:2    | Bought a ring of see invisible for 225 gold pieces
 21364 | Orc:2    | Bought a potion of enlightenment for 75 gold pieces
 21364 | Orc:2    | Bought a potion of lignification for 45 gold pieces
 21364 | Orc:2    | Bought a potion of curing for 45 gold pieces
 21364 | Orc:2    | Bought a potion of curing for 45 gold pieces
 21364 | Orc:2    | Bought a potion of enlightenment for 75 gold pieces
 21366 | Orc:2    | Bought a scroll of brand weapon for 171 gold pieces
 21366 | Orc:2    | Bought a scroll of blinking for 135 gold pieces
 21366 | Orc:2    | Bought a scroll of blinking for 135 gold pieces
 21366 | Orc:2    | Bought a scroll of revelation for 135 gold pieces
 21366 | Orc:2    | Bought a scroll of teleportation for 54 gold pieces
 21366 | Orc:2    | Bought a scroll of fear for 72 gold pieces
 21366 | Orc:2    | Bought a scroll of teleportation for 54 gold pieces
 21620 | D:12     | Killed Kirke
 21888 | D:13     | Found a gate to the Vaults.
 21911 | D:13     | Identified the +9 storm dragon scales of the Muttering Gods
                  | {rElec rPois Str+3 Int+4}
 22136 | D:13     | Noticed Josephine
 22153 | D:13     | Killed Josephine
 22241 | D:13     | Identified a scroll of acquirement
 22242 | D:13     | Acquired a manual of Throwing
 22571 | D:13     | Found a runed translucent door.
 22582 | D:13     | Noticed Silvore's ghost (journeyman MiFi)
 22582 | D:13     | Identified the +3 spear "Fotaih" {venom, Str+6}
 22842 | D:13     | Killed Silvore's ghost
 23328 | D:14     | Acquired 885 gold pieces
 23555 | Orc:2    | Bought a ring of willpower for 375 gold pieces
 23767 | D:15     | Entered Level 15 of the Dungeon
 23780 | D:15     | Found a sparkling altar of Nemelex Xobeh.
 23811 | D:15     | Reached skill level 10 in Throwing
 24031 | D:14     | Reached XP level 16. HP: 155/155 MP: 16/16
 24543 | D:15     | Identified the +0 robe of Xugujoyn {rElec}
 24916 | D:15     | Found a staircase to the Depths.
 25324 | D:10     | Killed Harold
 25406 | D:10     | Found a white marble altar of Elyvilon.
 25604 | Lair:5   | Killed Sonja
 25796 | Lair:5   | Noticed Urug
 25807 | Lair:5   | Killed Urug
 26282 | Lair:5   | Reached skill level 1 in Shields
 26467 | Lair:5   | Found a staircase to the Slime Pits.
 26964 | Snake:1  | Entered Level 1 of the Snake Pit
 27120 | Snake:1  | Reached skill level 18 in Fighting
 27698 | Snake:2  | Reached skill level 19 in Fighting
 27752 | Snake:2  | Reached XP level 17. HP: 166/168 MP: 17/17
 28125 | Snake:3  | Found Hapruam's Magic Scroll Shop.
 28127 | Snake:3  | Found Cumel's Distillery.
 28129 | Snake:3  | Found Ywigya's Antique Armour Shop.
 28882 | Snake:3  | Bought a scroll of acquirement for 832 gold pieces
 28882 | Snake:3  | Bought a scroll of blinking for 120 gold pieces
 28882 | Snake:3  | Bought a scroll of enchant armour for 120 gold pieces
 28882 | Snake:3  | Bought a scroll of butterflies for 64 gold pieces
 28882 | Snake:3  | Bought a scroll of fog for 64 gold pieces
 28884 | Snake:3  | Acquired 448 gold pieces
 28886 | Snake:3  | Bought a potion of heal wounds for 95 gold pieces
 28886 | Snake:3  | Bought 2 potions of might for 152 gold pieces
 28886 | Snake:3  | Bought a potion of curing for 57 gold pieces
 28886 | Snake:3  | Bought a potion of curing for 57 gold pieces
 28886 | Snake:3  | Bought a potion of might for 76 gold pieces
 28886 | Snake:3  | Bought a potion of curing for 57 gold pieces
 28901 | Snake:4  | Entered Level 4 of the Snake Pit
 28906 | Snake:4  | Reached skill level 20 in Fighting
 28947 | Snake:4  | Found a stormy altar of Qazlal.
 28978 | Snake:4  | Reached skill level 5 in Shields
 29012 | Snake:4  | Noticed Vashnia
 29041 | Snake:4  | Killed Vashnia
 29073 | Snake:4  | Got a jade gem with 382 turns to spare
 29086 | Snake:4  | Got a serpentine rune of Zot
 29415 | Snake:4  | Identified the +0 short sword of the Keeping Seeker {flame,
                  | rPois Stlth+}
 29737 | Snake:4  | Reached skill level 10 in Shields
 30112 | Shoals:1 | Entered Level 1 of the Shoals
 30773 | Shoals:1 | Noticed a kraken
 30791 | Shoals:1 | Killed a kraken
 30792 | Shoals:1 | Reached XP level 18. HP: 178/178 MP: 18/18
 31091 | Shoals:2 | Noticed Ilsuiw
 31099 | Shoals:2 | Reached skill level 15 in Armour
 31105 | Shoals:2 | Killed Ilsuiw
 31121 | Shoals:2 | Noticed Mlioglotl
 31132 | Shoals:2 | Killed Mlioglotl
 31436 | Shoals:2 | Found Mobor's Mayhem Merchandise.
 31788 | Shoals:3 | Noticed Ustren's ghost (journeyman MiBe)
 31799 | Shoals:3 | Found a bloodstained altar of Trog.
 31806 | Shoals:3 | Found a transporter.
 31845 | Shoals:3 | Found a transporter.
 32246 | Shoals:3 | Noticed Polyphemus
 32274 | Shoals:3 | Killed Polyphemus
 32742 | Shoals:3 | Killed Ustren's ghost
 32770 | Shoals:3 | Identified the ring "Meokk" {rPois rN+ Str+5}
 32821 | Shoals:4 | Entered Level 4 of the Shoals
 32835 | Shoals:4 | Reached skill level 10 in Evocations
 32874 | Shoals:4 | Noticed Nikola
 32878 | Shoals:4 | Reached XP level 19. HP: 185/185 MP: 19/19
 32894 | Shoals:4 | Killed Nikola
 32978 | Shoals:4 | Got the Book of Fog
 32979 | Shoals:4 | Identified the staff "Ruantoda" {rC- rN+ Int+3 Dex+2 Necro
                  | Alchemy}
 33132 | Shoals:4 | Identified the amulet "Faesuska" {Spirit ^Fragile Int+9
                  | Dex+2 Stlth+}
 33250 | Shoals:4 | Got a barnacled rune of Zot
 33319 | Shoals:3 | Acquired 370 gold pieces
 33878 | Snake:3  | Bought a scroll of enchant armour for 120 gold pieces
 34129 | Elf:1    | Entered Level 1 of the Elven Halls
 34154 | Elf:1    | Reached skill level 15 in Throwing
 34183 | Elf:1    | Paralysed by an air elemental for 1 turns
 34255 | Elf:1    | Identified the ring "Lykota" {rCorr Str+3 Dex-2 SInv
                  | Stlth+}
 34413 | Elf:1    | Got the Anthology of Arcane Weapons
 34846 | Elf:2    | Found a runed translucent gate.
 34846 | Elf:2    | Found a runed translucent gate.
 34848 | Elf:2    | Found a runed translucent gate.
 35062 | Elf:2    | Reached XP level 20. HP: 185/193 MP: 20/20
 35464 | Vaults:1 | Entered Level 1 of the Vaults
 36244 | Vaults:1 | Identified the amulet "Qonkobb" {Faith Harm Rampage}
 36865 | Vaults:2 | Noticed Xtahua
 37246 | Vaults:3 | Reached skill level 21 in Fighting
 38126 | Vaults:3 | Reached XP level 21. HP: 206/206 MP: 21/21
 38344 | Vaults:3 | Reached skill level 22 in Fighting
 38614 | Vaults:4 | Found Gatauvat's Distillery.
 38623 | Vaults:4 | Bought a potion of curing for 36 gold pieces
 38623 | Vaults:4 | Bought a potion of curing for 36 gold pieces
 38623 | Vaults:4 | Bought a potion of enlightenment for 60 gold pieces
 39995 | Elf:3    | Entered Level 3 of the Elven Halls
 40613 | Elf:2    | Found a radiant altar of Vehumet.
 40792 | Elf:3    | Identified the +7 hand axe "Diyfreheu" {elec, Will+}
 40803 | Elf:3    | Reached XP level 22. HP: 217/217 MP: 22/22
 40903 | Elf:3    | Found the +5 Lochaber axe {reach-cleave, Poleaxe ^Drain}
 40930 | Elf:3    | Identified the +4 halberd of Experimentation {speed, *Slow
                  | rElec Str+3 Dex+6}
 40931 | Elf:3    | Identified the +4 war axe "Beast's Curse" {spect, Stlth+}
 41008 | Elf:3    | Identified the amulet "Noloelo" {Acrobat rF+}
 41879 | D:10     | Acquired a +0 executioner's axe of freezing
 41880 | D:10     | Acquired the +2 pair of gloves of Amorality {-Cast rElec
                  | Dex+7 Slay+3}
 43172 | Vaults:2 | Reached skill level 10 in Dodging
 43180 | Vaults:2 | Found a staircase to the Crypt.
 43180 | Vaults:2 | Found a basalt altar of Yredelemnul.
 43184 | Vaults:2 | Found an ancient bone altar of Kikubaaqudgha.
 43216 | Crypt:1  | Entered Level 1 of the Crypt
 44886 | Crypt:2  | Reached skill level 15 in Shields
 44994 | Crypt:2  | Acquired the scarf "Vufep" {+Inv, Regen+ Str+3 Dex-4
                  | Stlth+}
 45303 | Crypt:2  | Found a runed translucent gate.
 45303 | Crypt:2  | Found a runed translucent gate.
 45303 | Crypt:2  | Found a runed translucent gate.
 45304 | Crypt:2  | Noticed Esecs's ghost (veteran GrEE)
 45589 | Crypt:3  | Entered Level 3 of the Crypt
 45930 | Crypt:3  | Found an ancient bone altar of Kikubaaqudgha.
 45970 | Crypt:3  | Reached XP level 23. HP: 212/225 MP: 23/23
 46310 | Crypt:3  | Identified the staff of Annoyance {rElec rPois Alchemy}
 46525 | Crypt:3  | Found a staircase to the Tomb.
 46525 | Crypt:3  | Noticed Khufu
 46538 | Crypt:3  | Killed Khufu
 46642 | Crypt:3  | Got Kikubaaqudgha's Verses on the Charnel House
 47191 | Slime:1  | Entered Level 1 of the Pits of Slime
 47728 | Depths:1 | Entered Level 1 of the Depths
 47780 | Depths:1 | Found Xef Ori's Jewellery Emporium.
 47914 | Depths:1 | Found Qevo's Distillery.
 48031 | Depths:1 | Reached skill level 23 in Fighting
 48212 | Depths:1 | Found a one-way gate to the infinite horrors of the Abyss.
 48223 | Depths:1 | Found a gateway to Hell.
 48494 | Depths:1 | Found a glowing golden altar of the Shining One.
 48933 | Depths:2 | Identified the +2 scale mail "Enonal" {Dex+3}
 48982 | Depths:2 | Found Vela's Magic Scroll Emporium.
 49005 | Depths:2 | Reached XP level 24. HP: 235/235 MP: 23/23
 49038 | Depths:2 | Found Boam's Book Emporium.
 49040 | Depths:2 | Found Ymupp's General Store.
 49041 | Depths:2 | Found Ocuul's Jewellery Shoppe.
 49635 | Depths:2 | Identified the +0 ring mail of the Griffon {Harm Dex+5}
 49639 | Depths:2 | Acquired 761 gold pieces
 49679 | Depths:2 | Bought the ring of the Hare {EV+10} for 1664 gold pieces
 49679 | Depths:2 | Found the ring of the Hare {EV+10}
 49684 | Depths:2 | Bought a scroll of immolation for 56 gold pieces
 49684 | Depths:2 | Bought a wand of digging (5) for 294 gold pieces
 49687 | Depths:2 | Bought a scroll of revelation for 97 gold pieces
 49687 | Depths:2 | Bought a scroll of blinking for 97 gold pieces
 49687 | Depths:2 | Bought a scroll of revelation for 97 gold pieces
 49687 | Depths:2 | Bought a scroll of revelation for 97 gold pieces
 49687 | Depths:2 | Bought a scroll of blinking for 97 gold pieces
 49740 | Depths:1 | Bought a potion of curing for 54 gold pieces
 49740 | Depths:1 | Bought a potion of heal wounds for 90 gold pieces
 49740 | Depths:1 | Bought a potion of might for 72 gold pieces
 49740 | Depths:1 | Bought a potion of haste for 180 gold pieces
 49889 | Depths:3 | Noticed a juggernaut
 49892 | Depths:3 | Found a bloodstained altar of Trog.
 49892 | Depths:3 | Found the necklace of Bloodlust {Fury *Rage Will++ Int-3
                  | Slay+6}
 49929 | Depths:3 | Found Qymen's Magic Scroll Emporium.
 50028 | Depths:3 | Reached skill level 15 in Evocations
 50069 | Depths:3 | Found a one-way gateway to a ziggurat.
 50693 | Depths:3 | Found a transporter.
 51284 | Slime:5  | Entered Level 5 of the Pits of Slime
 51612 | Slime:5  | Noticed the Royal Jelly
 51624 | Slime:5  | Killed the Royal Jelly
 51625 | Slime:5  | Reached skill level 24 in Fighting
 51667 | Slime:5  | Found the +13 scythe of Curses {drain, curses, ^Drain}
 51683 | Slime:5  | Identified the +1 scale mail of Disaster {rElec rPois rCorr
                  | Str+4}
 51689 | Slime:5  | Got Further Steps in the Mind of the Magus
 51707 | Slime:5  | Identified the death talisman of the Baker {rElec}
 51715 | Slime:5  | Identified the +10 trident "Xeamyvid" {protect, Will+
                  | Int+2}
 51721 | Slime:5  | Got a slimy rune of Zot
 51759 | Slime:5  | Identified the +2 ring mail "Uhalybedd" {rF++ Str+2 Int+2
                  | SInv}
 51762 | Slime:5  | Acquired the +8 mithril axe "Arga" {speed, Will+}
 51762 | Slime:5  | Found the +8 mithril axe "Arga" {speed, Will+}
 52203 | Depths:4 | Entered Level 4 of the Depths
 52735 | Depths:4 | Found a gate to the Realm of Zot.
 52780 | Depths:4 | Reached XP level 25. HP: 244/245 MP: 23/23
 53236 | Depths:4 | Got the Secrets of Loathsome Assaults
 53240 | Depths:4 | Got Progressing With Gnosis
 53616 | Vaults:4 | Bought a potion of ambrosia for 96 gold pieces
 53616 | Vaults:4 | Bought 2 potions of ambrosia for 192 gold pieces
 54104 | Depths:1 | Voluntarily entered the Abyss.
 54411 | Abyss:3  | Found a corrupted altar of Lugonu.
 54414 | Abyss:3  | Found a corrupted altar of Lugonu.
 54453 | Abyss:3  | Found a corrupted altar of Lugonu.
 54526 | Abyss:3  | Found a corrupted altar of Lugonu.
 54614 | Abyss:3  | Found a glowing golden altar of the Shining One.
 54621 | Abyss:3  | Noticed a juggernaut
 54634 | Abyss:3  | Killed a juggernaut
 54668 | Abyss:3  | Got an abyssal rune of Zot
 54704 | Depths:1 | Escaped the Abyss
 54848 | Depths:3 | Bought a scroll of blinking for 135 gold pieces
 54848 | Depths:3 | Bought a scroll of poison for 72 gold pieces
 54848 | Depths:3 | Bought a scroll of revelation for 135 gold pieces
 55056 | Vaults:5 | Entered Level 5 of the Vaults
 55114 | Vaults:5 | Reached skill level 25 in Fighting
 55237 | Vaults:5 | Identified the staff of Piacof {rF+ Dex+3 SInv Fire}
 55269 | Vaults:5 | Identified the ring of Game Dai {rPois MP+9 EV+5 Stlth-}
 55279 | Vaults:5 | Reached XP level 26. HP: 259/259 MP: 23/23
 55356 | Vaults:5 | Reached skill level 26 in Fighting
 55593 | Vaults:5 | Identified the +8 mace "Rapon" {heavy, +Blink rElec rN+
                  | Int+4}
 55596 | Vaults:5 | Identified the +4 rapier "Zucoby" {venom, rC+}
 55706 | Vaults:5 | Identified the staff "Gyjosm" {^Fragile Fly rF- Dex+8
                  | Earth}
 55805 | Vaults:5 | Identified the staff of the Bear {rN+ Summ Necro}
 56078 | Vaults:5 | Got a silver rune of Zot
 56127 | Vaults:5 | Identified the ring of the Hero {Fly rF+ rCorr Int+6 Dex-4}
 56213 | Vaults:5 | Found the +8 arc blade {discharge, rElec}
 56217 | Vaults:5 | Identified the +4 trident of the Chewing Visionary {holy,
                  | +Blink rF+++ Dex+2 Stlth-}
 56662 | Depths:2 | Bought a wand of acid (5) for 294 gold pieces
 56721 | Zot:1    | Entered Level 1 of the Realm of Zot
 56756 | Zot:1    | Noticed Parghit
 56783 | Zot:1    | Killed Parghit
 56810 | Zot:1    | Found a huge runed translucent gate.
 56810 | Zot:1    | Found a huge runed translucent gate.
 56811 | Zot:1    | Found a huge runed translucent gate.
 56811 | Zot:1    | Found a huge runed translucent gate.
 56812 | Zot:1    | Found a huge runed translucent gate.
 56812 | Zot:1    | Found a huge runed translucent gate.
 56813 | Zot:1    | Found a huge runed translucent gate.
 56813 | Zot:1    | Found a huge runed translucent gate.
 56813 | Zot:1    | Found a huge runed translucent gate.
 56813 | Zot:1    | Found a huge runed translucent gate.
 56813 | Zot:1    | Found a huge runed translucent gate.
 56826 | Zot:1    | Found a huge runed translucent gate.
 56827 | Zot:1    | Found a huge runed translucent gate.
 56828 | Zot:1    | Found a huge runed translucent gate.
 56829 | Zot:1    | Found a huge runed translucent gate.
 56830 | Zot:1    | Found a huge runed translucent gate.
 56831 | Zot:1    | Found a huge runed translucent gate.
 56831 | Zot:1    | Found a huge runed translucent gate.
 56836 | Zot:1    | Found a huge runed translucent gate.
 56838 | Zot:1    | Found a huge runed translucent gate.
 56840 | Zot:1    | Found a huge runed translucent gate.
 56840 | Zot:1    | Found a huge runed translucent gate.
 56840 | Zot:1    | Found a huge runed translucent gate.
 56845 | Zot:1    | Found a huge runed translucent gate.
 56873 | Zot:1    | Found a huge runed translucent gate.
 56874 | Zot:1    | Found a huge runed translucent gate.
 56874 | Zot:1    | Found a huge runed translucent gate.
 56879 | Zot:1    | Found a huge runed translucent gate.
 56880 | Zot:1    | Found a huge runed translucent gate.
 56880 | Zot:1    | Found a huge runed translucent gate.
 56880 | Zot:1    | Found a huge runed translucent gate.
 56880 | Zot:1    | Found a huge runed translucent gate.
 56882 | Zot:1    | Found a huge runed translucent gate.
 56883 | Zot:1    | Found a huge runed translucent gate.
 56884 | Zot:1    | Found a huge runed translucent gate.
 56884 | Zot:1    | Found a huge runed translucent gate.
 57306 | Zot:2    | Noticed an orb of fire
 57316 | Zot:2    | Gained mutation: You occasionally lose the ability to read
                  | scrolls when taking damage. [an orb of fire]
 57317 | Zot:2    | Killed an orb of fire
 57344 | Zot:2    | Reached XP level 27. HP: 269/269 MP: 23/23
 57376 | Zot:2    | Noticed Grunn
 57395 | Zot:2    | Killed Grunn
 57625 | Zot:3    | Noticed an orb of fire
 57625 | Zot:3    | Gained mutation: You are weak. (Str -2) [an orb of fire]
 57633 | Zot:3    | Gained mutation: Armour fits poorly on your strangely
                  | shaped body. [an orb of fire]
 57640 | Zot:3    | Killed an orb of fire
 57649 | Zot:3    | Lost mutation: You occasionally lose the ability to read
                  | scrolls when taking damage. [potion of mutation]
 57649 | Zot:3    | Lost mutation: You are weak. (Str -2) [potion of mutation]
 57649 | Zot:3    | Gained mutation: You are clumsy. (Dex -2) [potion of
                  | mutation]
 57649 | Zot:3    | Gained mutation: You possess an exceptional clarity of
                  | mind. [potion of mutation]
 57650 | Zot:3    | Lost mutation: Armour fits poorly on your strangely shaped
                  | body. [potion of mutation]
 57650 | Zot:3    | Lost mutation: You are clumsy. (Dex -2) [potion of
                  | mutation]
 57650 | Zot:3    | Gained mutation: You have sharp fingernails. [potion of
                  | mutation]
 57650 | Zot:3    | Gained mutation: Your muscles are strong. (Str +4, Int/Dex
                  | -1) [potion of mutation]
 57832 | Zot:3    | Reached skill level 27 in Fighting
 58653 | Zot:4    | Found a runed translucent door.
 58658 | Zot:4    | Noticed Pongem's ghost (legendary MiAK)
 59206 | Zot:5    | Entered Level 5 of the Realm of Zot
 59675 | Zot:5    | Noticed an orb of fire
 59677 | Zot:5    | Gained mutation: You are frail. (-10% HP) [an orb of fire]
 59681 | Zot:5    | Lost mutation: You have sharp fingernails. [an orb of fire]
 59685 | Zot:5    | Noticed an orb of fire
 59685 | Zot:5    | Killed an orb of fire
 59686 | Zot:5    | Noticed an ancient lich
 59691 | Zot:5    | Killed an ancient lich
 59695 | Zot:5    | Killed an orb of fire
 59734 | Zot:5    | Lost mutation: You possess an exceptional clarity of mind.
                  | [potion of mutation]
 59734 | Zot:5    | Lost mutation: You are frail. (-10% HP) [potion of
                  | mutation]
 59734 | Zot:5    | Gained mutation: Your spells are a little harder to cast,
                  | but a little more powerful. [potion of mutation]
 59740 | Zot:5    | Noticed an orb of fire
 59749 | Zot:5    | Killed an orb of fire
 59771 | Zot:5    | Noticed an ancient lich
 59774 | Zot:5    | Noticed a dread lich
 59782 | Zot:5    | Killed an ancient lich
 59791 | Zot:5    | Killed a dread lich
 59938 | Zot:5    | Got the Orb of Zot
 60438 | D:$      | Escaped with the Orb!

Illustrated notes

Levels and vault maps discovered:
D:1:      psy_arrival_basics, layout_rooms
D:2:      layout_basic
D:3:      cheibrodos_pilgrimage, layout_loops_ring,
          cheibrodos_sewer_entry_sluice, ebering_ecumenical_altar_petrified
D:4:      layout_basic, guppyfry_early_orc_mine
D:5:      layout_basic, kennysheep_vampire_church,
          nicolae_overflow_hidden_temple, minmay_temple_entry_offerings,
          serial_library, serial_library_hellmonk_angled_corner,
          serial_library_hellmonk_h_bend, serial_library_hellmonk_junction,
          serial_library_hellmonk_small_alcove, nicolae_figureground_sparkle
D:6:      layout_loops_ring, kennysheep_little_box, lemuel_tele_altar,
          mainiacjoe_overflow_alcove_2, jmf_multi_god_temple, serial_shops, shop
D:7:      layout_loops_cross, mainiacjoe_overflow_24_doors,
          mainiacjoe_overflow_small_starburst
D:8:      layout_loops_ring, serial_shops, shop, chequers_serial_rivers_micro_d,
          uniq_joseph, uniq_jeremiah
D:9:      nicolae_moon_pools, layout_stronghold,
          mainiacjoe_overflow_six_doors_small, tgw_trog, erik_orc_1,
          serial_co_window_serial, co_window_corner_a, co_window_corner_a,
          co_window_paths_b, co_window_paths_b, co_window_corner_a,
          co_window_paths_a, co_window_paths_c, co_window_paths_d,
          glass_columns_c, glass_columns_b, glass_columns_b, grunt_ministairs_1
D:10:     layout_loops_cross, nicolae_elyvilon_temple_path, vehumet_statue,
          mainiacjoe_overflow_tiny_flanked, david_lair_shrubbed,
          serial_library_hellmonk_h_bend, uniq_harold
D:11:     layout_loops_corners, uniq_lodul
D:12:     cheibrodos_ideogram_h, layout_cave_pods,
          nicolae_gozag_cash_rules_everything_around_me, uniq_kirke, uniq_psyche
D:13:     layout_basic, hellmonk_vaults_order_and_chaos,
          ebering_ghost_funeral_grove, uniq_josephine
D:14:     layout_small_grid, grunt_decor_cap
D:15:     hangedman_depths_entry_civil_slaughter, layout_cave_pods,
          dreamdust_princess_corridor, nemelex_diamond_rough_becter
Temple:   hellmonk_temple_flake
Lair:1:   layout_chaotic_city, grunt_megastairs_5, infiniplex_staircase_pool_2,
          lemuel_fruit_fields
Lair:2:   layout_regular_city, mainiacjoe_shoals_entry_four_pools,
          nicolae_snake_entry_warm_welcome, serial_forest,
          infiniplex_forest_end_3, infiniplex_forest_join,
          infiniplex_forest_clump_long, infiniplex_forest_clump_small,
          infiniplex_forest_lined_room_, infiniplex_forest_zigzag_1,
          minivault_27, cheibrodos_lair_lostbears, infiniplex_staircase_pool,
          uniq_maggie, uniq_amaemon
Lair:3:   layout_gridlike, chequers_serial_rivers_room_b, eino_house_with_fridge
Lair:4:   layout_regular_city, lookout_lair_type,
          chequers_serial_rivers_micro_a, grunt_megastairs_2,
          lemuel_fruit_fields
Lair:5:   minmay_lair_end_enchanted_forest, layout_regular_city, slime_entry_1,
          uniq_sonja, uniq_urug
Shoals:1: layout_shoals
Shoals:2: layout_shoals, minmay_shop_mayhem, nicolae_splish_splash, uniq_ilsuiw,
          uniq_mlioglotl
Shoals:3: layout_shoals, gammafunk_ghost_wrathful_warriors, uniq_polyphemus
Shoals:4: shoals_end_hellmonk_lost_city, uniq_nikola
Snake:1:  layout_onion_interference, drop_trap
Snake:2:  layout_rooms
Snake:3:  layout_basic, minmay_shop_star
Snake:4:  grunt_snake_rune_serpentine_throne, layout_onion_interference,
          basic_altar, serial_bayou_shore_b
Slime:1:  layout_caves
Slime:2:  layout_caves
Slime:3:  layout_caves, nicolae_slime_crime_time
Slime:4:  layout_caves, nicolae_slime_rock_hall_of_fame
Slime:5:  slime_pit_nicolae_royal_road_to_ruin
Orc:1:    layout_caves, nicolae_orc_bridge_out, uniq_fannar
Orc:2:    pf_orc_diabolical, layout_caves
Elf:1:    layout_rooms, minmay_elf_annihilation, evilmike_ambush
          [evilmike_ambush_outer_corners, evilmike_ambush_inner_cross]
Elf:2:    elven_hall_of_blades_hangedman_original
          [nicolae_blade_entry_floor_patterns], layout_loops_cross,
          nrook_loot_triangle, lemuel_elevator, lemuel_upstairs_altar
Elf:3:    minmay_elf_hall_golems, layout_geoelf_octagon, drop_trap
Vaults:1: vaults_dpeg_emergency_exit, nicolae_vaults_little_squares_4, v_misc_2,
          nicolae_vaults_stepped_doors, vaults_room_grunt_arrival_ludios,
          vaults_room_hangedman_quadrants, nicolae_vaults_variable_pillar_hall,
          layout_vaults_omnigrid
Vaults:2: nicolae_vaults_wrenched, ontoclasm_vaults_ligature,
          special_room_vaults [special_room_orc], ontoclasm_vaults_pinch,
          minmay_crypt_entry_necro_gods, nicolae_vaults_diamond_1,
          serial_library_hellmonk_reading_circle, nicolae_vaults_network_star,
          hangedman_vaults_locks, nicolae_vaults_tetromino_Z_1,
          vaults_room_large_hall, hangedman_vaults_hat,
          nicolae_vaults_heart-shaped_vault, layout_vaults_maze, uniq_xtahua
Vaults:3: st_star, nicolae_vaults_spaceships, nicolae_vaults_little_squares_1,
          nicolae_vaults_double_plus_2, vaults_mumra_minichess_inversion,
          nicolae_vaults_apartment_2, vaults_dpeg_doors, hangedman_vaults_slice,
          nicolae_vaults_diagonal_hallway_8, nicolae_vaults_twisting_passages,
          grunt_vaults_hallway_long, nicolae_vaults_cochlea,
          nicolae_vaults_prndl, nicolae_vaults_little_squares_1,
          layout_vaults_omnibox
Vaults:4: nicolae_vaults_network_quincunx
          [nicolae_vaults_network_quincunx_subvault,
          nicolae_vaults_network_quincunx_subvault,
          nicolae_vaults_network_quincunx_subvault,
          nicolae_vaults_network_quincunx_subvault,
          nicolae_vaults_network_quincunx_subvault], v_misc_23,
          nicolae_vaults_octothorpe, serial_library_hellmonk_semicircle,
          hangedman_vaults_snaps, ontoclasm_vaults_bender,
          nicolae_vaults_network_periphery, nicolae_vaults_security_offices_2,
          ontoclasm_vaults_ring_square, nicolae_vaults_little_ls,
          vaults_room_corners, nicolae_vaults_octothorpe,
          nicolae_vaults_weapon_check, vaults_room_door_hall,
          serial_library_hellmonk_semicircle, layout_vaults_omnicross,
          serial_shops, nicolae_shop_industrial_runoff
Vaults:5: serial_shops
Crypt:1:  layout_catacombs, grunt_crypt_arrival_split
Crypt:2:  layout_gridlike, ebering_ghost_rock_garden, st_stairs_9,
          nicolae_crypt_lichyard
Crypt:3:  grunt_crypt_end_deaths_head
Depths:1: layout_gridlike, grunt_hell_entry_dis_mu, abyss_entry, serial_shops,
          nicolae_shop_industrial_runoff, nicolae_shop_rolling_square,
          serial_sigils, serial_sigils_hangedman_carve,
          serial_sigils_hangedman_scar, serial_sigils_hangedman_leer,
          serial_sigils_hangedman_gnaw, serial_sigils_hangedman_quiver,
          solitary_fountain, nicolae_tso_swordbearing_angel
Depths:2: kennysheep_ambush_hall, layout_cave_pools, rand_demon_pan_entry_1,
          serial_sigils_hangedman_quiver, hell_entry,
          infiniplex_staircase_9_rooms, minmay_shoptagon, serial_bayou_shore_b
Depths:3: emtedronai_trogs_sanctum, layout_gridlike, enter_ziggurat_f,
          minmay_fountain_box, pf_hell_entry_tar_river, abyss_entry,
          serial_shops, shop, grunt_pan_entry_spiral, infiniplex_staircase_x
Depths:4: evilmike_zot_entry_argh, layout_twisted_cross, grunt_mini_vestibule,
          serial_glass, glass_columns_c, glass_columns_a, due_unseen_surprise,
          item_on_display_a, feat_on_display, minmay_strange_pillars,
          hangedman_abyss_or_decor_lesser_grid, amcnicky_mini_pool_medium
Zot:1:    layout_misc_corridors, door_vault, uniq_parghit
Zot:2:    layout_misc_corridors, uniq_grunn
Zot:3:    grunt_twist_and_shout, layout_concentric_octagons, uniq_josephina
Zot:4:    layout_cellular_growth, ebering_ghost_reflecting_pool,
          regret_index_zotdec_bone_old
Zot:5:    layout_basic

Skill      XL: |  1  2  3  4  5  6  7  8  9 10 11 12 13 14 15 16 17 18 19 20 21 22 23 24 25 26 27 |
---------------+----------------------------------------------------------------------------------+-----
Fighting       | 3 4 5 8 9 12 14 15 17 19 20 21 22 23 24 25 26 27 | 27.0
Axes           | 5 6 7 8 9 11 14 17 20 21 22 25 26 | 26.8
Stealth        | 1 2 3 |  3.0
Armour         | 3 10 11 14 15 17 18 20 | 20.7
Dodging        | 4 5 6 7 8 9 10 11 12 13 14 | 14.6
Throwing       | 4 6 10 13 16 18 | 18.0
Evocations     | 1 2 4 5 6 7 10 11 13 14 16 17 20 | 20.0
Maces & Flails | 4 |  4.3
Shields        | 4 10 12 13 15 16 17 20 | 20.0

Action                     |  1- 3 |  4- 6 |  7- 9 | 10-12 | 13-15 | 16-18 | 19-21 | 22-24 | 25-27 || total
---------------------------+-------+-------+-------+-------+-------+-------+-------+-------+-------++-------
  Melee: War axe           |    72 |   144 |   373 |   488 |    42 |    15 |       |       |       ||  1134
         Whip              |    10 |     3 |       |       |       |       |       |       |       ||    13
         Unarmed           |       |     3 |       |       |       |       |       |       |       ||     3
         Punch             |       |       |     6 |     6 |     8 |     7 |       |       |       ||    27
         Battleaxe         |       |       |       |   159 |   748 |       |       |       |       ||   907
         Trident           |       |       |       |     5 |    11 |       |       |       |       ||    16
         Demon whip        |       |       |       |       |    13 |       |       |       |       ||    13
         Broad axe         |       |       |       |       |   226 |  1413 |  1152 |  1525 |  1486 ||  5802
         Hand axe          |       |       |       |       |       |       |       |     7 |       ||     7
   Fire: Sling             |       |    22 |       |       |       |       |       |       |       ||    22
         Orcbow            |       |       |     5 |       |       |       |       |       |       ||     5
  Throw: Dart              |     9 |    12 |     8 |    48 |    91 |    14 |    14 |    13 |    13 ||   222
         Javelin           |     2 |     2 |       |       |    22 |     6 |    16 |    69 |     9 ||   126
         Stone             |     7 |     6 |    26 |    27 |    10 |    18 |       |       |       ||    94
         Throwing net      |     7 |     3 |       |       |     1 |     1 |     1 |       |       ||    13
         Boomerang         |       |       |     5 |    53 |    62 |    32 |    22 |   155 |   101 ||   430
 Invoke: Serpent's Lash    |       |       |       |    10 |    13 |     3 |     5 |     9 |    11 ||    51
         Heavenly Storm    |       |       |       |     1 |     1 |     3 |     3 |       |     5 ||    13
Ability: Lunge             |       |       |    16 |    35 |    93 |   106 |    92 |    88 |    93 ||   523
         Whirlwind         |       |       |     4 |    71 |    53 |   217 |   166 |    91 |   372 ||   974
         Wall Jump         |       |       |     1 |     8 |     4 |       |       |     1 |     3 ||    17
  Evoke: Wand              |       |       |    19 |    13 |    37 |    13 |     7 |     4 |     5 ||    98
         Tin of tremorston |       |       |       |       |     3 |     2 |     5 |     5 |       ||    15
         Lightning rod     |       |       |       |       |       |     2 |    18 |    15 |    11 ||    46
         Sack of spiders   |       |       |       |       |       |     1 |     3 |     4 |     4 ||    12
         Phantom mirror    |       |       |       |       |       |       |     3 |     2 |     2 ||     7
         Phial of floods   |       |       |       |       |       |       |     3 |     1 |       ||     4
    Use: Scroll            |     4 |     1 |    13 |     4 |    19 |    10 |    12 |    18 |    15 ||    96
         Potion            |       |     6 |     3 |    11 |     3 |     2 |     9 |     5 |    21 ||    60
   Stab: Held in net/web   |     1 |     1 |       |       |       |       |       |     1 |       ||     3
         Sleeping          |       |       |     1 |     3 |     2 |       |       |       |       ||     6
         Paralysed         |       |       |       |       |     1 |       |       |       |       ||     1
         Distracted        |       |       |       |       |       |     2 |     2 |     3 |     4 ||    11
         Invisible         |       |       |       |       |       |       |       |    24 |     8 ||    32
         Confused          |       |       |       |       |       |       |       |       |     3 ||     3
 Armour: Ring mail         |    25 |   100 |    69 |       |       |       |       |       |       ||   194
         Leather armour    |     2 |       |   152 |   253 |     1 |       |       |       |       ||   408
         Skin              |       |     1 |       |    29 |       |       |       |     1 |       ||    31
         Swamp dragon scal |       |       |       |       |   314 |       |       |       |       ||   314
         Plate armour      |       |       |       |       |    86 |       |       |       |       ||    86
         Storm dragon scal |       |       |       |       |   151 |   835 |   553 |   616 |   162 ||  2317
         Gold dragon scale |       |       |       |       |       |       |       |       |   194 ||   194
  Dodge: Dodged            |    48 |   101 |   178 |   270 |   358 |   652 |   374 |   464 |   695 ||  3140
         Repelled          |       |       |       |       |       |     1 |    13 |     3 |       ||    17
  Block: Buckler           |       |       |       |       |       |    91 |       |       |       ||    91
         Kite shield       |       |       |       |       |       |   298 |   554 |   794 |   865 ||  2511
